 Dungeon Crawl Stone Soup version 0.21.1-1-g345015f (webtiles) character file.

163 inc the Digger (level 5, -3/31 HPs)
             Began as an Octopode Earth Elementalist on June 10, 2018.
             Killed from afar by Sigmund (4 damage)
             ... with a magic dart
             ... on level 3 of the Dungeon.
             The game lasted 00:03:20 (2695 turns).

inc the Digger (Octopode Earth Elementalist)        Turns: 2695, Time: 00:03:21

Health: -3/31      AC:  1    Str:  8    XL:     5   Next: 44%
Magic:  2/8        EV: 13    Int: 18    God:
Gold:   108        SH:  0    Dex: 12    Spells: 2/8 levels left

rFire    . . .     SeeInvis .   j - +0 whip (flame)
rCold    . . .     Gourm    .   (no shield)
rNeg     . . .     Faith    .   (helmet restricted)
rPois    .         Spirit   .   (no amulet)
rElec    .         Reflect  .   (no ring)
rCorr    .         Harm     .   (no ring)
MR       .....                  (no ring)
Stlth    +++.......             (no ring)
HPRegen  0.10/turn              (no ring)
MPRegen  0.11/turn              (no ring)
                                (no ring)
                                (no ring)

@: no status effects
A: almost no armour, stealthy swim, amphibious, 8 rings, constrict 8, camouflage
1, gelatinous body 1
a: no special abilities


You were on level 3 of the Dungeon.
You were not hungry.

You visited 1 branch of the dungeon, and saw 3 of its levels.

You collected 108 gold pieces.

Inventory:

Hand Weapons
 j - a +0 whip of flaming (weapon)
Missiles
 b - 89 stones (quivered)
Jewellery
 h - an uncursed amulet of faith {unknown}
Scrolls
 a - 4 scrolls of remove curse {unknown}
 g - 2 scrolls of enchant weapon {unknown}
 k - 3 scrolls of identify {unknown}
 l - a scroll of enchant armour {unknown}
 n - a scroll of magic mapping {unknown}
 o - a scroll of fog {unknown}
Potions
 e - a potion of might {unknown}
 f - 3 potions of curing {unknown}
 i - 2 potions of magic {unknown}
 m - a potion of agility {unknown}
Books
 d - a book of Geomancy

   Spells                             Type                      Level
   a - Sandblast                      Earth                        1
   b - Passwall                       Transmutation/Earth          2
   c - Stone Arrow                    Conjuration/Earth            3
   d - Petrify                        Transmutation/Earth          4
   e - Lee's Rapid Deconstruction     Earth                        5
Comestibles
 c - 4 rations


   Skills:
 - Level 2.0 Dodging
 - Level 2.6 Stealth
 - Level 2.0 Spellcasting
 - Level 1.0 Transmutations
 + Level 6.0 Earth Magic


You had 2 spell levels left.
You knew the following spells:

 Your Spells              Type           Power        Failure   Level  Hunger
a - Sandblast             Erth           ###...       1%          1    #......
b - Passwall              Tmut/Erth      ##........   6%          2    ###....
c - Stone Arrow           Conj/Erth      ##....       16%         3    ###....


Dungeon Overview and Level Annotations

Branches:
Dungeon (3/15)

Altars:

Annotations:
D:3 Iko's ghost, weakling DEBe; Sigmund


Innate Abilities, Weirdness & Mutations

You cannot wear most types of armour.
You are very stealthy in the water. (Stealth+)
You are amphibious.
You can wear up to eight rings at the same time.
You can use your tentacles to constrict eight enemies at once.
Your skin changes colour to match your surroundings (Stealth+).
Your rubbery body absorbs attacks. (AC +1, EV +1)


Message History

The rat bites you.
* * * LOW HITPOINT WARNING * * *
An orc comes into view.
You see here a frilled lizard skeleton.
There is a stone staircase leading up here.
Casting: Sandblast
Confirm with . or Enter, or press ? or * to list all spells.
Aiming: Sandblast
Press: ? - help, Shift-Dir - straight line, f/p - orc
Aim: an orc, wielding a mace of crushing and wearing a chain mail (severely wounded)
The blast of sand hits the orc.
You kill the orc!
Your Earth Magic skill increases to level 6!
b - 89 stones A magic dart appears from out of thin air!
The magic dart hits you!
* * * LOW HITPOINT WARNING * * *
A magic dart appears from out of thin air!
The magic dart hits you!
You die...

... ######## ....
#......# ..).
#......# ##.o#
#......# .[o
#......######)#
#.......ro...l##.#
#.....)#............
#.....@#####........
#......# ..###...#
#......# .## (..
######## #. .. #. #
#.


There were no monsters in sight!

Vanquished Creatures
  An ogre (D:2)
  An adder (D:3)
  3 worms
  2 dart slugs (D:2)
  A leopard gecko (D:1)
  8 orcs (D:3)
  A ball python (D:2)
  6 bats
  2 giant cockroaches
  3 goblins
  3 hobgoblins
  2 jackals (D:2)
  5 kobolds
  A quokka (D:2)
  2 frilled lizards
  5 rats
46 creatures vanquished.

Notes
Turn   | Place    | Note
-------+----------+-------------------------------------------
     0 | D:1      | inc the Octopode Earth Elementalist began the quest for the Orb.
     0 | D:1      | Reached XP level 1. HP: 11/11 MP: 3/3
   443 | D:1      | Reached XP level 2. HP: 1/17 MP: 1/5
  1425 | D:2      | Noticed an ogre
  1583 | D:1      | Learned a level 2 spell: Passwall
  1687 | D:2      | Killed an ogre
  1687 | D:2      | Reached skill level 5 in Earth Magic
  1687 | D:2      | Reached XP level 3. HP: 21/21 MP: 1/6
  1687 | D:2      | Reached XP level 4. HP: 27/27 MP: 1/7
  1989 | D:2      | Reached XP level 5. HP: 31/31 MP: 8/8
  2219 | D:2      | Learned a level 3 spell: Stone Arrow
  2599 | D:3      | Noticed Iko's ghost (weakling DEBe)
  2680 | D:3      | Noticed Sigmund
  2694 | D:3      | Reached skill level 6 in Earth Magic
  2694 | D:3      | HP: 1/31 [something/magic dart (6)]
  2695 | D:3      | Killed from afar by Sigmund

Skill      XL: |  1  2  3  4  5 |
---------------+----------------+-----
Earth Magic    | 5 6 |  6.0
Dodging        | |  2.0
Stealth        | |  2.6
Spellcasting   | |  2.0
Transmutations | |  1.0

Action                   |  1- 3 |  4- 6 || total
-------------------------+-------+-------++-------
Melee: Unarmed           |    48 |       ||    48
       Constrict         |    14 |    17 ||    31
       Tentacles         |     5 |     9 ||    14
       Whip              |     1 |    55 ||    56
 Cast: Sandblast         |     6 |    21 ||    27
 Stab: Sleeping          |     7 |     6 ||    13
       Distracted        |       |     1 ||     1
  Eat: Chunk             |     1 |     5 ||     6
Armor: Skin              |    12 |     5 ||    17
Dodge: Dodged            |    39 |    31 ||    70
